 Dungeon Crawl Stone Soup version 0.20.1-1-g8b1a95d (webtiles) character file.

228 jojo4000 the Scratcher (level 5, 0/24 HPs)
             Began as a Felid Fighter on July 19, 2017.
             Slain by a ball python (2 damage)
             ... in a sewer.
             The game lasted 00:13:56 (3999 turns).

jojo4000 the Scratcher (Felid Fighter)              Turns: 3999, Time: 00:13:57

Health: 0/24       AC:  1    Str: 12      XL:     5   Next: 71%
Magic:  6/6        EV: 20    Int: 10      God:
Gold:   185        SH:  0    Dex: 15 (16) Spells: 4/4 levels left
                                        Lives:  0   Deaths: 1

rFire    . . .     SeeInvis +     - Unarmed
rCold    . . .     Gourm    .   (shield unavailable)
rNeg     . . .     Faith    .   (armour unavailable)
rPois    .         Spirit   .   (helmet unavailable)
rElec    .         Reflect  .   (cloak unavailable)
rCorr    .         Harm     .   (gloves unavailable)
MR       .....     Clarity  +   (boots unavailable) Stlth +++.......Rnd*Tele +
                                (no amulet)
Regen    0.1/turn               (no ring)
MPRegen  0.1/turn               (no ring)

@: quick
A: no armour, no weapons or thrown items, stealth, claws 1, fangs 3, horns 1,
see invisible, carnivore 3, clarity, deterioration 1, speed 1, shaggy fur 1,
slow metabolism 1, teleportitis 1, sharp paws
a: no special abilities


You were in a sewer.
You were very full.

You visited 1 branch of the dungeon, and saw 3 of its levels.
You also visited: Sewer.

You collected 185 gold pieces.

Inventory:

Wands
 i - a wand of digging (18/24)
Scrolls
 e - 2 scrolls of identify {unknown}
 f - 2 scrolls of fear {unknown}
 g - a scroll of immolation {unknown}
 h - 2 scrolls of enchant weapon {unknown}
 j - 3 scrolls of amnesia {unknown}
Potions
 a - a potion of might
 k - a potion of haste {unknown}
Comestibles
 b - 3 meat rations
 c - 23 chunks of flesh
 d - a bread ration


   Skills:
 - Level 3.1 Fighting
 + Level 4.6 Dodging
 + Level 2.8 Stealth
 - Level 6.7 Unarmed Combat


You had 4 spell levels left.
You didn't know any spells.

Dungeon Overview and Level Annotations

Branches:
Dungeon (3/15)

Altars:


Innate Abilities, Weirdness & Mutations

You cannot wear armour.
You are incapable of wielding weapons or throwing items.
Your paws allow you to move quietly. (Stealth)
You have sharp claws.
You have razor-sharp teeth.
You have supernaturally acute eyesight. (SInv)
You are carnivorous and can eat meat at any time.
You cover ground quickly.
You are covered in fur. (AC +1)
You have a slow metabolism.
Your sharp claws are effective at attacking unaware monsters.
You have a pair of small horns on your head.
You possess an exceptional clarity of mind.
Your body sometimes deteriorates upon taking damage.
You are occasionally teleported next to monsters.


Message History

The ooze is moderately wounded.
The leopard gecko completely misses you.
The ooze closely misses you. x2; The ball python closely misses you.
The ball python misses you.
You scratch the ooze but do no damage.
The ooze is moderately wounded.
The ooze completely misses you. The leopard gecko misses you.
The ball python completely misses you. x2; The ooze barely misses you.
The ooze misses you.
You claw the ooze!
You kill the ooze!
The leopard gecko misses you. The ball python bites you.
* * * LOW HITPOINT WARNING * * *
The ball python completely misses you.
You claw the ooze!
You kill the ooze!
The ooze completely misses you.
The leopard gecko completely misses you.
The ball python bites you.
You die...

#≈#≈≈# #≈≈ .∩#≈#≈≈#
≈. ..≈#≈#≈≈# #≈≈
≈≈###≈#≈≈# #≈≈#
#≈.#≈≈≈#÷.# #≈≈≈#
#..≈#≈.##÷##
#≈≈≈#####≈≈≈##≈≈#..#
#≈≈≈≈≈J.S≈.≈#.≈.#.∩#
#≈≈≈≈≈@.≈.##≈≈##..#
##≈†≈l.≈≈##≈≈.#≈.##
. ###≈≈≈###≈≈≈≈#.≈#
S≈.≈#####≈.≈≈≈##∩##
≈≈≈≈≈≈≈.≈≈≈≈≈#####
#≈≈≈.≈≈≈≈.≈≈##
###≈≈≈≈≈≈≈###
#########


You could see an ooze, a leopard gecko and a ball python.

Vanquished Creatures
  Terence (D:2)
  Natasha (thrice) (D:2)
  6 adders
  6 oozes (Sewer)
  2 worms
  2 dart slugs
  5 leopard geckos (Sewer)
  5 orcs (D:3)
  5 bats
  8 giant cockroaches
  5 goblins
  6 hobgoblins
  6 jackals
  10 kobolds
  6 ball pythons
  10 frilled lizards
  8 rats
94 creatures vanquished.

Notes
Turn   | Place    | Note
-------+----------+-------------------------------------------
     0 | D:1      | jojo4000 the Felid Fighter began the quest for the Orb.
     0 | D:1      | Reached XP level 1. HP: 10/10 MP: 2/2
   450 | D:1      | Reached XP level 2. HP: 7/14 MP: 3/3
  1510 | D:1      | Reached XP level 3. HP: 17/17 MP: 4/4
  1579 | D:1      | Reached skill level 5 in Unarmed Combat
  2200 | D:2      | Noticed Natasha
  2209 | D:2      | Killed Natasha
  2209 | D:2      | Reached XP level 4. HP: 13/21 MP: 5/5
  2332 | D:2      | Noticed Natasha
  2339 | D:2      | Killed Natasha
  2991 | D:2      | Noticed Natasha
  3001 | D:2      | HP: 1/21 [white imp[Natasha] (5)]
  3002 | D:2      | Slain by a white imp
  3003 | D:2      | Reached XP level 3. HP: -1/17 MP: 4/4
  3004 | D:2      | Reached skill level 6 in Unarmed Combat
  3049 | D:2      | Noticed Terence
  3053 | D:2      | Killed Natasha
  3053 | D:2      | Reached XP level 4. HP: 21/21 MP: 5/5
  3058 | D:2      | Killed Terence
  3257 | D:3      | Gained mutation: You have a pair of small horns on your head. [potion of mutation]
  3257 | D:3      | Gained mutation: You are occasionally teleported next to monsters. [potion of mutation]
  3257 | D:3      | Gained mutation: Your body sometimes deteriorates upon taking damage. [potion of mutation]
  3257 | D:3      | Gained mutation: You possess an exceptional clarity of mind. [potion of mutation]
  3277 | D:3      | HP: 1/21 [poisoned by an adder]
  3282 | D:3      | HP: 1/21 [poisoned by an adder]
  3781 | D:3      | Reached XP level 5. HP: 24/24 MP: 6/6
  3869 | D:3      | Found a glowing drain.
  3873 | Sewer    | Entered a sewer
  3886 | Sewer    | Reached skill level 1 in Stealth
  3999 | Sewer    | Slain by a ball python

Skill      XL: |  1  2  3  4  5 |
---------------+----------------+-----
Unarmed Combat | 6 |  6.7
Stealth        | 2 |  2.8
Fighting       | |  3.1
Dodging        | |  4.6

Action                   |  1- 3 |  4- 6 || total
-------------------------+-------+-------++-------
Melee: Unarmed           |   119 |   121 ||   240
       Bite              |     9 |     8 ||    17
       Punch             |     4 |     4 ||     8
       Headbutt          |       |    13 ||    13
  Use: Potion            |       |     3 ||     3
 Stab: Sleeping          |     4 |     1 ||     5
  Eat: Chunk             |    10 |     8 ||    18
Armor: Skin              |     3 |     2 ||     5
Dodge: Dodged            |   100 |   111 ||   211
